 Dungeon Crawl Stone Soup version 0.29.1-12-g30fa7ad0bf (webtiles) character file.

Game seed: 16815406679264706986

153 lmSkywalker the Vexing (level 5, -1/41 HPs)
             Began as a Gnoll Arcane Marksman on Dec 28, 2022.
             Slain by a gnoll
             ... wielding a +0 whip
              (5 damage)
             ... on level 3 of the Dungeon.
             The game lasted 00:11:12 (3797 turns).

lmSkywalker the Vexing (Gnoll Arcane Marksman)      Turns: 3797, Time: 00:11:13

Health: -1/41      AC:  5    Str:  9 (10) XL:     5   Next: 35%
Magic:  18/18      EV: 12    Int: 11 (12) God:
Gold:   91         SH:  0    Dex: 11 (14) Spells: 9/10 levels left

rFire   + . .      SeeInvis .   a - +1 sling
rCold   . . .      Faith    .   (no shield)
rNeg    . . .      Spirit   .   j - +2 leather armour {rF+}
rPois   .          Reflect  .   (no helmet)
rElec   .          Harm     .   (no cloak)
rCorr   .          Rampage  .   (no gloves)
Will    +....                   (no boots)
Stlth   +.........              (no amulet)
HPRegen 0.13/turn               h - ring of magical power
MPRegen 0.16/turn               i - ring of willpower

@: no status effects
A: fangs 1, strong nose, distributed training
a: no special abilities


You were on level 3 of the Dungeon.
You visited 1 branch of the dungeon, and saw 3 of its levels.

You collected 91 gold pieces.

Inventory:

Hand Weapons
 a - a +1 sling (weapon)
Missiles
 m - 2 poisoned darts
Armour
 c - a +0 robe
 j - a +2 leather armour of fire resistance (worn)
 k - an orb of energy
 l - a +0 cloak
 q - a +0 buckler
Jewellery
 h - a ring of magical power (left hand)
 i - a ring of willpower (right hand)
 t - a ring of see invisible
Scrolls
 b - a scroll of poison
 g - a scroll of vulnerability {unknown}
 n - 2 scrolls of teleportation {unknown}
 o - a scroll of amnesia {unknown}
 p - a scroll of enchant armour {unknown}
 r - a scroll of brand weapon {unknown}
Potions
 d - a potion of cancellation
 e - a potion of degeneration
 f - 3 potions of curing
 s - a potion of lignification {unknown}


   Skills:
 + Level 3.0 Fighting
 + Level 1.5 Short Blades
 + Level 1.5 Long Blades
 + Level 1.5 Axes
 + Level 1.5 Maces & Flails
 + Level 1.5 Polearms
 + Level 1.5 Staves
 + Level 4.8 Ranged Weapons
 + Level 1.5 Throwing
 + Level 1.5 Armour
 + Level 4.8 Dodging
 + Level 1.5 Stealth
 + Level 1.5 Shields
 + Level 1.5 Unarmed Combat
 + Level 3.2 Spellcasting
 + Level 1.2 Conjurations
 + Level 5.5 Hexes
 + Level 1.2 Summonings
 + Level 1.2 Necromancy
 + Level 1.2 Translocations
 + Level 1.2 Transmutations
 + Level 1.2 Fire Magic
 + Level 1.2 Ice Magic
 + Level 1.2 Air Magic
 + Level 1.2 Earth Magic
 + Level 1.2 Poison Magic
 + Level 1.7 Invocations
 + Level 1.5 Evocations


You had 9 spell levels left.
You knew the following spells:

 Your Spells              Type           Power      Damage    Failure   Level
a - Slow                  Hex            56%        N/A       3%          1

Your spell library contained the following spells:

 Spells                   Type           Power      Damage    Failure   Level
 Magic Dart               Conj           16%        1d3       22%         1
 Inner Flame              Hex/Fire       9%         N/A       26%         3
 Portal Projectile        Hex/Tloc       18%        N/A       26%         3
 Call Imp                 Summ           4%         N/A       32%         2
 Cause Fear               Hex            7%         N/A       34%         4
 Mephitic Cloud           Conj/Pois/Air  4%         N/A       54%         3


Dungeon Overview and Level Annotations

Branches:
Dungeon (3/15)

Altars:

Annotations:
D:2 1 runed translucent door, Crazy Yiuf
D:3 2 transporters, exclusion: scorpion


Innate Abilities, Weirdness & Mutations

You have very sharp teeth.
Your uncanny sense of smell can sniff out nearby items.
Your experience applies equally to all skills.


Message History

The gnoll hits you from afar with a +0 spear!
You are too injured to fight recklessly!
You are too injured to fight recklessly!
Aiming: Slow (safe; 3% risk of failure)
Press: ? - help, Q - select action, (/) - cycle Shift-Dir - straight line, f/p - gnoll
Aim: a gnoll, wielding a +0 whip (lightly wounded, chance to affect: 63%)
Okay, then.
Fire: a) +1 sling
Press: ? - help, Q - select action, (/) - cycle Shift-Dir - straight line, f/p - gnoll
Aim: a gnoll, wielding a +0 whip (lightly wounded, 64% to hit)
You shoot a sling bullet.
The sling bullet closely misses the gnoll.
The sling bullet barely misses the gnoll.
The gnoll hits you from afar with a +0 spear.
* * * LOW HITPOINT WARNING * * *
The gnoll hits you with a +0 whip.
* * * LOW HITPOINT WARNING * * *
It was a potion of curing.
You feel better. The gnoll misses you. The gnoll closely misses you.
It was a potion of cancellation.
You feel magically purged. The gnoll closely misses you.
The gnoll hits you with a +0 whip.
It was a potion of degeneration.
There was something very wrong with that liquid.
You feel weakened.
You feel dopey.
You feel clumsy. The gnoll barely misses you.
The gnoll hits you with a +0 whip.
You feel better.
The gnoll hits you from afar with a +0 spear!
The gnoll hits you with a +0 whip.
* * * LOW HITPOINT WARNING * * *
Fire: a) +1 sling
Press: ? - help, Q - select action, (/) - cycle Shift-Dir - straight line, f/p - gnoll
Aim: a gnoll, wielding a +0 whip (lightly wounded, 61% to hit)
You shoot a sling bullet. The sling bullet hits the gnoll.
The gnoll is heavily wounded.
The gnoll barely misses you. The gnoll hits you with a +0 whip.
* * * LOW HITPOINT WARNING * * *
The gnoll hits you from afar with a +0 spear.
* * * LOW HITPOINT WARNING * * *
The gnoll hits you with a +0 whip.
You die...

.######.# ......†.#
##......# #.##.#.#
#>...#.#######.
#.#........^... #
##.#.#######.
#.#.################# .
#.....†).@gg).....# ..
#.###############.# ..
#.#8P#~~~S~~~#P8#o##
.......#..#.......#..#g.#
....©#©!+...♣...+/©#©...#
......#..#.......#..#g...#
....#.#8P#~~~~~~~#P8#....#
....#.###############....#
.So.........


You could see an electric eel and 2 gnolls.

Vanquished Creatures
  4 gnolls (D:3)
  3 adders
  4 dart slugs
  3 orcs (D:3)
  6 bats
  5 endoplasms
  2 giant cockroaches (D:1)
  9 goblins
  8 hobgoblins
  4 jackals (D:1)
  4 kobolds
  3 quokkas
  4 ball pythons
  4 frilled lizards
  9 rats
72 creatures vanquished.

Notes
Turn   | Place    | Note
-------+----------+-------------------------------------------
     0 | D:1      | lmSkywalker the Gnoll Arcane Marksman began the quest for
                  | the Orb.
     0 | D:1      | Reached XP level 1. HP: 17/17 MP: 4/4
    70 | D:1      | Reached XP level 2. HP: 18/23 MP: 5/5
   491 | D:1      | Reached XP level 3. HP: 27/28 MP: 7/7
   570 | D:1      | Reached skill level 1 in Invocations
  1195 | D:2      | Found a faded altar of an unknown god.
  1363 | D:2      | Reached skill level 1 in Short Blades
  1363 | D:2      | Reached skill level 1 in Long Blades
  1363 | D:2      | Reached skill level 1 in Axes
  1363 | D:2      | Reached skill level 1 in Maces & Flails
  1363 | D:2      | Reached skill level 1 in Polearms
  1363 | D:2      | Reached skill level 1 in Staves
  1363 | D:2      | Reached skill level 1 in Throwing
  1363 | D:2      | Reached skill level 1 in Armour
  1363 | D:2      | Reached skill level 1 in Stealth
  1363 | D:2      | Reached skill level 1 in Shields
  1363 | D:2      | Reached skill level 1 in Unarmed Combat
  1363 | D:2      | Reached skill level 1 in Evocations
  1940 | D:2      | Reached XP level 4. HP: 34/34 MP: 8/8
  2347 | D:2      | Reached skill level 1 in Conjurations
  2347 | D:2      | Reached skill level 1 in Summonings
  2347 | D:2      | Reached skill level 1 in Necromancy
  2347 | D:2      | Reached skill level 1 in Translocations
  2347 | D:2      | Reached skill level 1 in Transmutations
  2347 | D:2      | Reached skill level 1 in Fire Magic
  2347 | D:2      | Reached skill level 1 in Ice Magic
  2347 | D:2      | Reached skill level 1 in Air Magic
  2347 | D:2      | Reached skill level 1 in Earth Magic
  2347 | D:2      | Reached skill level 1 in Poison Magic
  2814 | D:2      | Found a runed translucent door.
  2815 | D:2      | Noticed Crazy Yiuf
  3165 | D:3      | Noticed a scorpion
  3289 | D:3      | Reached XP level 5. HP: 38/40 MP: 9/9
  3739 | D:3      | Found a transporter.
  3756 | D:3      | Found a transporter.
  3797 | D:3      | Slain by a gnoll

Illustrated notes

Levels and vault maps discovered:
D:1:      lemuel_arrival_cross, layout_rooms, serial_park_tiny_pond,
          minmay_octomino_c4
D:2:      minmay_skewed_foursquare, layout_loops_corners,
          hellmonk_ecumenical_altar_pennies_from_heaven, grunt_ministairs_9,
          uniq_crazy_yiuf_cottage
D:3:      gammafunk_steamed_eel, layout_basic

Skill      XL: |  1  2  3  4  5 |
---------------+----------------+-----
Invocations    | 1 |  1.7
Short Blades   | 1 |  1.5
Long Blades    | 1 |  1.5
Axes           | 1 |  1.5
Maces & Flails | 1 |  1.5
Polearms       | 1 |  1.5
Staves         | 1 |  1.5
Throwing       | 1 |  1.5
Armour         | 1 |  1.5
Stealth        | 1 |  1.5
Shields        | 1 |  1.5
Unarmed Combat | 1 |  1.5
Evocations     | 1 |  1.5
Spellcasting   | 3 |  3.2
Conjurations   | 1 |  1.2
Summonings     | 1 |  1.2
Necromancy     | 1 |  1.2
Translocations | 1 |  1.2
Transmutations | 1 |  1.2
Fire Magic     | 1 |  1.2
Ice Magic      | 1 |  1.2
Air Magic      | 1 |  1.2
Earth Magic    | 1 |  1.2
Poison Magic   | 1 |  1.2
Fighting       | 3 |  3.0
Ranged Weapons | |  4.8
Dodging        | |  4.8
Hexes          | |  5.5

Action                   |  1- 3 |  4- 6 || total
-------------------------+-------+-------++-------
 Fire: Sling             |   143 |   117 ||   260
 Cast: Slow              |     3 |       ||     3
  Use: Potion            |       |     4 ||     4
Armor: Robe              |     6 |       ||     6
       Leather armour    |     1 |     8 ||     9
Dodge: Dodged            |    42 |    45 ||    87
